 Dungeon Crawl Stone Soup version 0.24.0-125-gc4c63601f3 (webtiles) character file.

Game seed: 3404633109814642727, levelgen mode: deterministic

20 CrazyMind the Shield-Bearer (level 2, -1/28 HPs)
             Began as a Deep Dwarf Fighter on Feb 18, 2020.
             Slain by a jackal (2 damage)
             ... on level 1 of the Dungeon on Feb 19, 2020.
             The game lasted 00:04:26 (486 turns).

CrazyMind the Shield-Bearer (Deep Dwarf Fighter)     Turns: 486, Time: 00:04:27

Health: -1/28      AC:  0    Str: 19    XL:     2   Next: 58%
Magic:  2/2        EV: 11    Int:  8    God:
Gold:   36         SH:  0    Dex: 12    Spells: 1/1 levels left

rFire    . . .     SeeInvis .   a - +0 war axe
rCold    . . .     Gourm    .   (no shield)
rNeg     . . .     Faith    .   (no armour)
rPois    .         Spirit   .   (no helmet)
rElec    .         Reflect  .   (no cloak)
rCorr    .         Harm     .   (no gloves)
MR       .....                  (no boots)
Stlth    +.........             (no amulet)
HPRegen  0.00/turn              (no ring)
MPRegen  0.08/turn              (no ring)

@: non-regenerating
A: damage resistance, heal wounds, sense surroundings 1, no regeneration
a: Heal Wounds


You were on level 1 of the Dungeon.
You were not hungry.

You visited 1 branch of the dungeon, and saw 1 of its levels.

You collected 36 gold pieces.

Inventory:

Hand Weapons
 a - a +0 war axe (weapon)
Missiles
 g - a stone (quivered)
Armour
 b - a +0 scale mail
 c - a +0 shield
 e - a +0 chain mail
Scrolls
 h - a scroll of remove curse {unknown}
 j - a scroll of random uselessness {unknown}
Potions
 d - a potion of might
Comestibles
 f - a ration
 i - 2 chunks of flesh


   Skills:
 + Level 3.0 Fighting
 + Level 2.2 Axes
 + Level 3.4 Armour
 + Level 0.2 Dodging
 + Level 3.9 Shields


You had one spell level left.
You didn't know any spells.
Your spell library was empty.

Dungeon Overview and Level Annotations

Branches:
Dungeon (1/15)

Altars:


Innate Abilities, Weirdness & Mutations

You are resistant to damage.
You can heal yourself by infusing magical energy.
You passively map a small area around you.
You do not regenerate.


Message History

The jackal barely misses you. The jackal completely misses you.
The jackal bites you.
* * * LOW HITPOINT WARNING * * *
The jackal closely misses you. The jackal barely misses you.
The jackal completely misses you. x2
The jackal closely misses you. The jackal barely misses you.
The jackal bites you.
* * * LOW HITPOINT WARNING * * *
The jackal bites you.
* * * LOW HITPOINT WARNING * * *
The jackal bites you.
* * * LOW HITPOINT WARNING * * *
The jackal completely misses you. The jackal bites you.
The jackal barely misses you. x2
The jackal completely misses you. The jackal closely misses you.
The jackal bites you. The jackal bites you.
* * * LOW HITPOINT WARNING * * *
The jackal bites you. x2
You die...

#.......#.#......###..........#.
#.............................#.
####..............##..........#.
#####..#...##..#.#.##..........#.
.......#...##....................
#####..#...##....#.##..#.#####.#.
.......##.)##....#.##....# #...
..###.###..##..hhh.....### ###.
................@..##..# #.
..###.###.#)###........# #.
..........#.##........##########.
..#########.....##...............
####..##.##############
#..................) ,
########.###.############## ,
.............# ########.#####


You could see 3 jackals.

Vanquished Creatures
  An ooze (D:1)
  A leopard gecko (D:1)
  4 goblins (D:1)
  2 hobgoblins (D:1)
  A jackal (D:1)
  A bat (D:1)
  2 frilled lizards (D:1)
  2 kobolds (D:1)
  2 rats (D:1)
16 creatures vanquished.

Notes
Turn   | Place    | Note
-------+----------+-------------------------------------------
     0 | D:1      | CrazyMind the Deep Dwarf Fighter began the quest for the
                  | Orb.
     0 | D:1      | Reached XP level 1. HP: 20/20 MP: 1/1
   123 | D:1      | Reached XP level 2. HP: 27/27 MP: 2/2
   486 | D:1      | HP: 1/28 [jackal (2)]
   486 | D:1      | Slain by a jackal

Levels and vault maps discovered:
D:1:      co_arrival_random_square_maze, layout_basic,
          minmay_misc_feat_nine_boxes

Skill      XL: |  1  2 |
---------------+-------+-----
Fighting       | 3 |  3.0
Axes           | |  2.2
Armour         | |  3.4
Dodging        | |  0.2
Shields        | |  3.9

Action                   || total
-------------------------++-------
Melee: War axe           ||    64
Throw: Stone             ||     1
Armor: Scale mail        ||     1
       Chain mail        ||   207
Dodge: Dodged            ||   100
Block: Shield            ||   161
